 Dungeon Crawl Stone Soup version 0.29.1-13-g9f3cf754e1 (webtiles) character file.

Game seed: 13993338258969792716

2307 croobank the Conjurer (level 9, -1/66 HPs)
             Began as a Demonspawn Conjurer on Feb 1, 2023.
             Was an Initiate of Gozag.
             Killed by divine providence
             ... invoked by an orc priest
              (13 damage)
             ... on level 8 of the Dungeon.
             The game lasted 00:25:54 (9191 turns).

croobank the Conjurer (Demonspawn Conjurer)         Turns: 9191, Time: 00:25:55

Health: -1/66      AC:  8    Str:  8    XL:     9   Next: 18%
Magic:  10/16      EV: 12    Int: 24    God:    Gozag
Gold:   39         SH: 11    Dex:  8    Spells: 3/17 levels left

rFire   + . .      SeeInvis .   i - staff of conjuration
rCold   . . .      Faith    .   (no shield)
rNeg    . . .      Spirit   .   E - +1 robe "Silomow" {rF+ Dex-3 Archmagi}
rPois   .          Reflect  +   e - +0 hat
rElec   .          Harm     .   t - +0 cloak
rCorr   +          Rampage  .   (no gloves)
Will    .....      Archmagi +   (no boots)
Stlth   ++........              y - amulet of reflection
HPRegen 0.21/turn               c - ring of resist corrosion
MPRegen 0.15/turn               m - +4 ring of protection

@: gold aura
A: antennae 1, large bone plates 2, demonic guardian 2, spiny 2
a: Renounce Religion, Potion Petition, Call Merchant, Bribe Branch


You were on level 8 of the Dungeon.
You worshipped Gozag.
Gozag was noncommittal.
You visited 2 branches of the dungeon, and saw 9 of its levels.

You collected 499 gold pieces.
You spent 294 gold pieces at shops.
You paid 166 gold pieces to Gozag.

Inventory:

Hand Weapons
 b - a +0 sling
 d - a +0 short sword
 f - a +0 whip
 n - a +1 war axe
Missiles
 j - 3 atropa-tipped darts
 p - 2 javelins
Armour
 a - a +0 robe
 e - a +0 hat (worn)
 o - the +0 leather armour "Vuhoid" {+Inv rC++ Will-}
   (You found it on level 6 of the Dungeon)

   rC:        It greatly protects you from cold.
   +Inv:      It lets you turn invisible.
   Will:      It decreases your willpower.
 t - a +0 cloak (worn)
 E - the +1 robe "Silomow" (worn) {rF+ Dex-3 Archmagi}
   (You bought it in a shop on level 4 of the Dungeon)

   Dex:       It affects your dexterity (-3).
   rF:        It protects you from fire.
   Archmagi:  It increases the power of your magical spells.
 G - the +0 hat of the Oily God {rC+ MP-9 Dex+4}
   (You bought it in a shop on level 4 of the Dungeon)

   Dex:       It affects your dexterity (+4).
   rC:        It protects you from cold.
   MP:        It affects your magic capacity (-9).
Magical Staves
 i - a staff of conjuration (weapon)
Jewellery
 c - a ring of resist corrosion (left hand)
 l - an amulet of guardian spirit
 m - a +4 ring of protection (right hand)
 y - an amulet of reflection (around neck)
Wands
 s - a wand of light (7)
 C - a wand of paralysis (9)
 F - a wand of flame (3)
Scrolls
 k - 4 scrolls of teleportation
 q - 3 scrolls of blinking
 x - a scroll of vulnerability
 B - a scroll of immolation {unknown}
 D - a scroll of poison
 H - a scroll of brand weapon {unknown}
Potions
 g - 3 potions of attraction
 h - 2 potions of invisibility
 r - a potion of curing
 u - a potion of mutation
 v - 3 potions of magic
 w - a potion of brilliance
 z - 2 potions of ambrosia
 A - a potion of haste {unknown}


   Skills:
 + Level 4.3 Fighting
 + Level 3.9 Staves
 + Level 4.5 Dodging
 + Level 5.0 Stealth
 + Level 4.7 Spellcasting
 + Level 6.2 Conjurations
 + Level 3.8 Hexes
 + Level 0.7 Translocations


You had 3 spell levels left.
You knew the following spells:

 Your Spells              Type           Power      Damage    Failure   Level
a - Magic Dart            Conj           100%       1d8       1%          1
b - Searing Ray           Conj           100%       2d8       1%          2
c - Dazzling Flash        Conj/Hex       100%       N/A       3%          3
d - Fulminant Prism       Conj/Hex       30%        3d16      12%         4
e - Iskenderun's Mystic   Conj/Tloc      50%        2d11      22%         4

Your spell library contained the following spells:

 Spells                   Type           Power      Damage    Failure   Level
 Conjure Flame            Conj/Fire      46%        6-21      8%          3
 Sublimation of Blood     Necr           8%         N/A       14%         2
 Wereblood                Tmut           8%         N/A       14%         2
 Ignite Poison            Fire/Tmut/Pois 8%         N/A       26%         3
 Sticky Flame             Conj/Fire      46%        2d6       26%         4
 Conjure Ball Lightning   Conj/Air       23%        3x3d6     98%         6
 Summon Hydra             Summ           4%         N/A       100%        7
 Discord                  Hex            18%        N/A       100%        8
 Disjunction              Tloc           6%         N/A       100%        8


Dungeon Overview and Level Annotations

Branches:
Dungeon (8/15)             Temple (1/1) D:7
   Lair: D:8-11

Altars:
Ashenzari
Cheibriados
Gozag
Hepliaklqana
Kikubaaqudgha
Okawaru
Qazlal
Ru
Sif Muna
Xom
Yredelemnul

Shops:
D:4 [   D:5 =

Annotations:
D:5 3 runed translucent doors, hbarley's ghost, novice HOFi


Innate Abilities, Weirdness & Mutations

You have a pair of small antennae on your head.
You are mostly covered in large bone plates. (SH +6)
A demonic guardian rushes to your aid.
You are mostly covered in sharp spines.


Message History

Confirm with . or Enter, or press ? or * to list all spells.
Casting: Dazzling Flash (dangerous; 3% risk of failure)
Press: ? - help, Dir - look around, f - activate You feel a strong surge of power!
The orc wizard shouts!
The centaur is struck by your spines. The centaur misses you.
The centaur barely misses you. The centaur is struck by your spines.
The centaur barely misses you. You block the centaur's attack.
The orc is struck by your spines.
You kill the orc!
The orc priest invokes the aid of Beogh against you.
Beogh smites you!
You are too injured to fight recklessly!
You are too injured to fight recklessly!
You are too injured to fight recklessly!
You are too injured to fight recklessly!
Casting: Dazzling Flash (dangerous; 3% risk of failure)
Confirm with . or Enter, or press ? or * to list all spells.
Aiming: Searing Ray (safe; 1% risk of failure)
Press: ? - help, Shift-Dir - straight line, f - centaur
Aim: a centaur (severely wounded, 90% to hit)
You feel a strong surge of power!
The searing ray hits the centaur!
You kill the centaur! (Press . to maintain the ray.)
The orc wizard gestures at you while chanting.
The magic dart hits you.
The orc throws a boomerang.
The boomerang hits you but does no damage.
The orc priest mumbles some strange prayers to Beogh against you.
You struggle to resist.
The orc priest calls down the wrath of Beogh upon you.
Beogh smites you!
* * * LOW HITPOINT WARNING * * *
The orc wizard gestures at you while chanting.
The magic dart hits you.
* * * LOW HITPOINT WARNING * * *
A demonic guardian appears!
The orc priest invokes the aid of Beogh against you.
Beogh smites you!
You die...
Your body crumbles into a pile of gold.

#...........##.#
##........##....##
#................#
#########..........#..#..#
....#..............#.....#
..........................
...!......................
.............>............
.........@................
......$$...4.###.......)..
....o.........##..........
...o........#.##.....)....
...........##.#...........
..o.#....... ...#.........
############..)...........
#.###########. ##


You could see an orc priest, an orc wizard, an orc (ally target) and a friendly
hellwing (summoned, wandering).

Vanquished Creatures
  A steam dragon (D:7)
  A black bear (D:6)
  4 water moccasins
  An ice beast (D:7)
  A sky beast (D:7)
  2 ogres (D:5)
  3 centaurs
  A phantom (D:6)
  4 scorpions
  2 howler monkeys (D:4)
  2 hounds (D:5)
  2 orc priests
  A jelly (D:5)
  Ijyb (D:4)
  3 iguanas (D:6)
  4 orc wizards
  Robin (D:4)
  A gnoll (D:5)
  6 adders
  2 shadow imps
  2 white imps
  3 ufetubi
  2 worms
  2 dart slugs
  21 orcs
  6 bats
  3 endoplasms (D:1)
  5 giant cockroaches
  11 goblins
  11 hobgoblins
  4 jackals (D:1)
  4 kobolds
  8 quokkas
  8 ball pythons
  6 frilled lizards
  3 rats
142 creatures vanquished.

Vanquished Creatures (collateral kills)
  A scorpion (D:5)
  Terence (D:3)
  An orc wizard (D:3)
3 creatures vanquished.

Vanquished Creatures (others)
  An orc (D:4)
1 creature vanquished.

Grand Total: 146 creatures vanquished

Notes
Turn   | Place    | Note
-------+----------+-------------------------------------------
     0 | D:1      | croobank the Demonspawn Conjurer began the quest for the
                  | Orb.
     0 | D:1      | Reached XP level 1. HP: 13/13 MP: 3/3
   233 | D:1      | Gained mutation: You are partially covered in sharp spines.
                  | [demonic ancestry]
   233 | D:1      | Reached XP level 2. HP: 13/19 MP: 3/5
   402 | D:1      | Learned a level 2 spell: Searing Ray
   725 | D:1      | Found a faded altar of an unknown god.
   980 | D:2      | You fall into a shaft and drop 2 floors!
   981 | D:4      | Found a shimmering altar of Xom.
   981 | D:4      | Noticed a howler monkey
   991 | D:4      | Killed a howler monkey
   992 | D:4      | Gained mutation: You are partially covered in large bone
                  | plates. (SH +4) [demonic ancestry]
   992 | D:4      | Reached XP level 3. HP: 25/25 MP: 0/6
   992 | D:4      | Reached XP level 4. HP: 31/31 MP: 0/7
  1062 | D:4      | Learned a level 3 spell: Dazzling Flash
  1256 | D:4      | Reached skill level 1 in Fighting
  1256 | D:4      | Reached skill level 1 in Staves
  1347 | D:4      | Noticed Ijyb
  1356 | D:4      | Killed Ijyb
  1357 | D:4      | Gained mutation: You have a pair of small antennae on your
                  | head. [demonic ancestry]
  1357 | D:4      | Reached XP level 5. HP: 16/37 MP: 1/9
  2073 | D:2      | Identified the +5 ring mail "Lon Kase" {rPois Will+ Regen+
                  | Stlth+}
  2842 | D:3      | Identified the +1 ring mail of Keraxzuy {Fly rC++ Int-4
                  | Dex+2}
  3089 | D:4      | Noticed Robin
  3094 | D:4      | Killed Robin
  3206 | D:3      | Noticed Terence
  3393 | D:5      | Entered Level 5 of the Dungeon
  3399 | D:5      | Gained mutation: A weak demonic guardian rushes to your
                  | aid. [demonic ancestry]
  3399 | D:5      | Reached XP level 6. HP: 44/44 MP: 5/10
  3412 | D:5      | Reached skill level 1 in Hexes
  3638 | D:3      | Killed Terence
  4209 | D:4      | Found Wioli's Antique Armour Shoppe.
  4597 | D:4      | Noticed a water moccasin
  4600 | D:4      | Killed a water moccasin
  4601 | D:4      | Reached skill level 5 in Conjurations
  4624 | D:4      | Gained mutation: You are mostly covered in sharp spines.
                  | [demonic ancestry]
  4624 | D:4      | Reached XP level 7. HP: 51/51 MP: 0/12
  5686 | D:5      | Gained mutation: A demonic guardian rushes to your aid.
                  | [demonic ancestry]
  5686 | D:5      | Reached XP level 8. HP: 58/58 MP: 3/13
  5782 | D:5      | Found Omemun's Jewellery Shoppe.
  6225 | D:5      | Found a runed translucent gate.
  6225 | D:5      | Found a runed translucent gate.
  6225 | D:5      | Found a runed translucent gate.
  6227 | D:5      | Found an opulent altar of Gozag.
  6230 | D:5      | Noticed hbarley's ghost (novice HOFi)
  6236 | D:5      | Learned a level 4 spell: Fulminant Prism
  7205 | D:6      | Identified the +0 leather armour "Vuhoid" {+Inv rC++ Will-}
  8021 | D:7      | Reached skill level 6 in Conjurations
  8342 | D:7      | Gained mutation: You are mostly covered in large bone
                  | plates. (SH +6) [demonic ancestry]
  8342 | D:7      | Reached XP level 9. HP: 65/65 MP: 7/15
  8413 | D:7      | Learned a level 4 spell: Iskenderun's Mystic Blast
  8414 | D:7      | Found a staircase to the Ecumenical Temple.
  8510 | Temple   | Entered the Ecumenical Temple
  8517 | Temple   | Became a worshipper of Gozag Ym Sagoz the Greedy
  8626 | D:4      | Bought a twisted robe for 114 gold pieces
  8626 | D:4      | Identified the +1 robe "Silomow" {rF+ Dex-3 Archmagi} (You
                  | bought it in a shop on level 4 of the Dungeon)
  8782 | D:7      | Reached skill level 5 in Stealth
  9010 | D:4      | Bought a fading hat for 180 gold pieces
  9010 | D:4      | Identified the +0 hat of the Oily God {rC+ MP-9 Dex+4} (You
                  | bought it in a shop on level 4 of the Dungeon)
  9191 | D:8      | Killed from afar by an orc priest

Illustrated notes

Levels and vault maps discovered:
D:1:      psy_arrival_fountain, layout_rooms,
          dreamdust_ecumenical_altar_statues, chequers_jeans, minmay_quantized
D:2:      layout_basic
D:3:      layout_basic, uniq_terence
D:4:      layout_loops_ring, mainiacjoe_overflow_alcove_1, serial_shops, shop,
          uniq_robin, uniq_ijyb
D:5:      minmay_opposing_rooms, layout_rooms, ebering_ghost_gozag,
          serial_shops, nicolae_shop_behind_doors
D:6:      layout_gridville, minmay_puff
D:7:      layout_cave_pools, minmay_temple_entry_grid
D:8:      layout_rooms
Temple:   cyrus_circular_temple

Skill      XL: |  1  2  3  4  5  6  7  8  9 |
---------------+----------------------------+-----
Dodging        | 2 3 4 |  4.5
Stealth        | 2 3 4 5 |  5.0
Fighting       | 1 2 3 4 |  4.3
Staves         | 1 2 3 |  3.9
Spellcasting   | 3 4 |  4.7
Hexes          | 1 2 3 |  3.8
Conjurations   | 5 6 |  6.2
Translocations | |  0.7

Action                   |  1- 3 |  4- 6 |  7- 9 || total
-------------------------+-------+-------+-------++-------
Melee: Short sword       |     4 |       |       ||     4
       Punch             |     1 |     1 |       ||     2
       Staff             |       |    27 |    11 ||    38
       War axe           |       |     1 |       ||     1
 Cast: Magic Dart        |    27 |    41 |    41 ||   109
       Searing Ray       |     4 |    35 |    48 ||    87
       Dazzling Flash    |       |     2 |     1 ||     3
  Use: Potion            |     1 |     5 |       ||     6
       Scroll            |       |     7 |     9 ||    16
 Stab: Invisible         |       |     1 |       ||     1
       Sleeping          |       |     1 |       ||     1
Armor: Robe              |     8 |     4 |    11 ||    23
       Skin              |       |     9 |       ||     9
Dodge: Dodged            |    19 |    20 |    24 ||    63
Block: Other             |       |    11 |    23 ||    34
